 Dungeon Crawl Stone Soup version 0.26-a0-264-g3a471323bd (webtiles) character file.

Game seed: 3556890016979996956

84 BritishOli the Skirmisher (level 4, 0/36 HPs)
             Began as a Demonspawn Fighter on July 11, 2020.
             Slain by Natasha (5 damage)
             ... on level 2 of the Dungeon.
             The game lasted 00:01:13 (952 turns).

BritishOli the Skirmisher (Demonspawn Fighter)       Turns: 952, Time: 00:01:13

Health: 0/36       AC:  6    Str: 17    XL:     4   Next: 23%
Magic:  4/4        EV:  7    Int:  9    God:
Gold:   51         SH:  8    Dex:  9    Spells: 3/3 levels left

rFire    . . .     SeeInvis +   a - +0 long sword
rCold    . . .     Faith    .   c - +0 kite shield
rNeg     . . .     Spirit   .   b - +0 scale mail
rPois    .         Reflect  .   (helmet restricted)
rElec    .         Harm     .   (no cloak)
rCorr    .                      (no gloves)
MR       .....                  (no boots)
Stlth    +.........             (no amulet)
HPRegen  0.12/turn              i - -4 ring of dexterity (curse)
MPRegen  0.09/turn              j - ring of stealth

@: no status effects
A: beak, talons 1, see invisible, powered by death 1
a: no special abilities


You were on level 2 of the Dungeon.
You were not hungry.

You visited 1 branch of the dungeon, and saw 2 of its levels.

You collected 51 gold pieces.

Inventory:

Hand Weapons
 a - a +0 long sword (weapon)
Armour
 b - a +0 scale mail (worn)
 c - a +0 kite shield (worn)
Jewellery
 i - a cursed -4 ring of dexterity (left hand)
 j - a ring of stealth (right hand)
Scrolls
 g - a scroll of identify
 m - a scroll of enchant weapon {unknown}
 n - a scroll of blinking {unknown}
Potions
 d - a potion of might
 e - 2 potions of mutation
 h - a potion of curing
 k - a potion of flight {unknown}
 l - 2 potions of lignification
Comestibles
 f - 6 rations


   Skills:
 + Level 3.6 Fighting
 + Level 2.5 Long Blades
 + Level 3.2 Armour
 + Level 3.3 Shields


You had 3 spell levels left.
You didn't know any spells.
Your spell library was empty.

Dungeon Overview and Level Annotations

Branches:
Dungeon (2/15)

Altars:

Annotations:
D:2 Natasha


Innate Abilities, Weirdness & Mutations

You have sharp toenails.
You regenerate a little health from kills.
You have a beak for a mouth.
You have supernaturally acute eyesight. (SInv)


Message History

Natasha stares at you and mumbles some strange words.
The magic dart hits you!
* * * LOW HITPOINT WARNING * * *
You barely miss Natasha. You claw Natasha, but do no damage.
Natasha is moderately wounded.
Natasha claws you.
* * * LOW HITPOINT WARNING * * *
Natasha stares at you and mumbles some strange words.
The magic dart hits you.
* * * LOW HITPOINT WARNING * * *
You hit Natasha. Your kick misses Natasha.
Natasha is heavily wounded.
Natasha mumbles some strange words.
You miss Natasha. You peck Natasha.
Natasha is heavily wounded.
Natasha closely misses you.
Your shield prevents you from hitting Natasha.
Natasha is heavily wounded.
Natasha claws you.
You die...

#....## .#######.....#
.........###.#####.. ..######.#
#.(...... #.#.# #.#####..
..####.#.###..####...
#..................#
#############.####.######.
.............5h@†.........
........#####.####.######.
........#####+## #.# .#.
#..............# #.# #.#.#
#..............# #.# #.#.#
#..............###.######.#.#
#...........................#
..[.........................#
#.#############.............####


You could see Natasha and a crimson imp (summoned).

Vanquished Creatures
  Natasha (twice) (D:2)
  An ooze (D:2)
  3 dart slugs (D:1)
  A leopard gecko (D:2)
  A ball python (D:1)
  A giant cockroach (D:1)
  3 goblins (D:1)
  3 hobgoblins
  A bat (D:1)
  2 frilled lizards (D:1)
  3 kobolds (D:1)
  4 rats (D:1)
25 creatures vanquished.

Notes
Turn   | Place    | Note
-------+----------+-------------------------------------------
     0 | D:1      | BritishOli the Demonspawn Fighter began the quest for the
                  | Orb.
     0 | D:1      | Reached XP level 1. HP: 18/18 MP: 1/1
   201 | D:1      | Gained mutation: You regenerate a little health from kills.
                  | [demonic ancestry]
   201 | D:1      | Reached XP level 2. HP: 18/24 MP: 2/2
   202 | D:1      | Gained mutation: You have a beak for a mouth. [potion of
                  | mutation]
   202 | D:1      | Gained mutation: You evolve. [potion of mutation]
   202 | D:1      | Lost mutation: You evolve. [potion of mutation]
   202 | D:1      | Gained mutation: You have supernaturally acute eyesight.
                  | (SInv) [potion of mutation]
   746 | D:2      | Reached XP level 3. HP: 25/29 MP: 3/3
   800 | D:2      | Noticed Natasha
   821 | D:2      | Killed Natasha
   895 | D:2      | Noticed Natasha
   908 | D:2      | Killed Natasha
   908 | D:2      | Gained mutation: You have sharp toenails. [demonic
                  | ancestry]
   908 | D:2      | Reached XP level 4. HP: 12/36 MP: 4/4
   945 | D:2      | Noticed Natasha
   952 | D:2      | Slain by Natasha

Illustrated notes

Levels and vault maps discovered:
D:1:      nicolae_arrival_somewhat_less_tricky_arrival, layout_rooms
D:2:      layout_basic, old_standard_altar, lemuel_coloured_pillars_altar,
          nicolae_dithmenos_through_a_glass_darkly, uniq_natasha

Skill      XL: |  1  2 |
---------------+-------+-----
Long Blades    | 2 |  2.5
Shields        | 3 |  3.3
Armour         | 3 |  3.2
Fighting       | |  3.6

Action                   |  1- 3 |  4- 6 || total
-------------------------+-------+-------++-------
Melee: Long sword        |    74 |     5 ||    79
       Peck              |     7 |     1 ||     8
       Kick              |       |     2 ||     2
  Use: Scroll            |     3 |       ||     3
       Potion            |     1 |       ||     1
Armor: Scale mail        |    33 |       ||    33
Dodge: Dodged            |    26 |     1 ||    27
Block: Kite shield       |    25 |     1 ||    26
       Rpst.: Long sword |     1 |       ||     1

Table legend:
 A = Non-vault XP
 B = Vault XP
 C = Vault XP percentage of total XP
 D = Non-vault monster count
 E = Vault monster count
 F = Vault count percentage of total count
                 A         B        C        D         E       F
            +---------+---------+-------+---------+---------+-------
      Total |      84 |      36 |  30.0 |      24 |       1 |   4.0
            +---------+---------+-------+---------+---------+-------
        D:1 |      37 |       0 |   0.0 |      20 |       0 |   0.0
        D:2 |      47 |      36 |  43.4 |       4 |       1 |  20.0
            +---------+---------+-------+---------+---------+-------
